 Dungeon Crawl Stone Soup version 0.23.2-33-g5129a83184 (webtiles) character file.

Game seed: 10289789464921136791

17432 Revguard the Archer (level 12, -7/71 HPs)
             Began as a Tengu Hunter on July 22, 2019.
             Was a High Priest of Okawaru.
             Mangled by a six-headed hydra (14 damage)
             ... on level 13 of the Dungeon.
             The game lasted 00:58:24 (12175 turns).

Revguard the Archer (Tengu Hunter)                 Turns: 12175, Time: 00:58:25

Health: -7/71      AC: 12    Str: 19    XL:     12   Next: 47%
Magic:  0/15       EV: 27    Int: 12    God:    Okawaru [*****.]
Gold:   907        SH:  0    Dex: 16    Spells: 9/16 levels left

rFire    . . .     SeeInvis .   b - +4 quick blade
rCold    . . .     Gourm    .   (no shield)
rNeg     . . .     Faith    .   q - +1 steam dragon scales
rPois    .         Spirit   +   (helmet restricted)
rElec    .         Reflect  .   i - +0 cloak
rCorr    .         Harm     .   D - +0 pair of gloves
MR       .....                  (boots unavailable)
Stlth    +++++.....             t - amulet of guardian spirit
HPRegen  0.21/turn              y - ring of wizardry
MPRegen  0.14/turn              (no ring)

@: mighty, heroism, flying quickly and evasively, quick
A: beak, talons 3, low mp 1, weak 1, wild magic 1, able to fly
a: Stop Flying, Heroism, Finesse, Renounce Religion


You were on level 13 of the Dungeon.
You worshipped Okawaru.
Okawaru was extremely pleased with you.
You were not hungry.

You visited 2 branches of the dungeon, and saw 14 of its levels.
You also visited: Ossuary.

You collected 907 gold pieces.

Inventory:

Hand Weapons
 a - a +0 longbow of flaming
 b - a +4 quick blade (weapon)
 n - a +4 short sword
Missiles
 d - 404 arrows
Armour
 i - a +0 cloak (worn)
 q - +1 steam dragon scales (worn)
 D - a +0 pair of gloves (worn)
Jewellery
 t - an amulet of guardian spirit (around neck)
 y - a ring of wizardry (left hand)
Wands
 c - a wand of random effects (12)
 A - a wand of flame (5)
 C - a wand of iceblast (9)
Scrolls
 e - 2 scrolls of teleportation
 o - 2 scrolls of fog
 p - 5 scrolls of remove curse
 r - a scroll of enchant weapon
 v - 2 scrolls of amnesia
 x - a scroll of immolation
 G - a scroll of magic mapping
Potions
 g - 4 potions of flight
 j - 2 potions of curing
 k - 4 potions of might
 m - a potion of brilliance
 u - a potion of resistance
 z - 2 potions of cancellation
 H - a potion of agility
Comestibles
 f - 26 rations
 s - 6 chunks of flesh


   Skills:
 + Level 6.6(11.6) Fighting
 * Level 9.3(14.3) Short Blades
 + Level 11.3(16.3) Bows
 * Level 8.1(13.1) Armour
 * Level 8.7(13.7) Dodging
 * Level 6.9(11.9) Stealth
 * Level 2.8 Spellcasting
 * Level 3.7 Air Magic
 * Level 4.7 Invocations
 - Level 0.6 Evocations


You had 9 spell levels left.
You knew the following spells:

 Your Spells              Type           Power        Failure   Level  Hunger
a - Passwall              Tmut/Erth      #.......     21%         2    ###....
b - Silence               Hex/Air        #.........   80%         5    ######.

Your spell library contained the following spells:

 Spells                   Type           Power        Failure   Level  Hunger
 Beastly Appendage        Tmut           #.....       14%         1    #......
 Sandblast                Erth           #.....       14%         1    #......
 Stone Arrow              Conj/Erth      #.....       34%         3    ###....
 Cause Fear               Hex            #.........   71%         4    #####..
 Petrify                  Tmut/Erth      #.......     71%         4    #####..
 Lee's Rapid Deconstruct  Erth           #.........   95%         5    ######.
 Yara's Violent Unravell  Hex/Tmut       #.........   95%         5    ######.
 Deflect Missiles         Chrm/Air       #.........   99%         6    #######
 Discord                  Hex            #.........   100%        8    #######


Dungeon Overview and Level Annotations

Branches:
Dungeon (13/15)            Temple (1/1) D:6            Lair (0/6) D:8
    Orc (0/2) D:10
 Vaults: D:13-14

Altars:
Ashenzari
Cheibriados
Dithmenos
Elyvilon
Fedhas
Gozag
Hepliaklqana
Kikubaaqudgha
Makhleb
Nemelex Xobeh
Okawaru
Qazlal
Ru
Sif Muna
Trog
Vehumet
Wu Jian
Xom
Yredelemnul
Zin
The Shining One

Shops:
D:10 (   D:12 [


Innate Abilities, Weirdness & Mutations

You have a beak for a mouth.
You have claws for feet.
You can fly continuously.
Your magical capacity is low. (-10% MP)
You are weak. (Str -2)
Your spells are a little harder to cast, but a little more powerful.


Message History

You kill the two-headed ogre!
Okawaru is honoured by your kill.
You can now speed up your combat.
Okawaru will now gift you equipment as you gain piety.
Okay, then.
You feel very mighty all of a sudden.
The six-headed hydra closely misses you.
The six-headed hydra completely misses you.
The six-headed hydra bites you but does no damage.
The six-headed hydra misses you. The six-headed hydra bites you!
* * * LOW HITPOINT WARNING * * *
The six-headed hydra barely misses you. The centaur warrior skeleton hits you.
* * * LOW HITPOINT WARNING * * *
The slime creature hits you!
* * * LOW HITPOINT WARNING * * *
You feel better.
The centaur warrior skeleton closely misses you.
The six-headed hydra bites you.
* * * LOW HITPOINT WARNING * * *
The six-headed hydra misses you. The six-headed hydra bites you!
You die...

#############
###{Y.c..c)TD@#
####YZcc.#####YZJ#
(...Ka.### ##Y5.#
....Y..## #(...#
##..((..####
........
##÷........
?........#
#<†........
#####....#
#c.####...# .....
#..## #### .....


You could see a six-headed hydra, a slime creature, 2 yaks, a troll, 2 centaurs,
a shadow imp and a centaur warrior skeleton.

Vanquished Creatures
  A rakshasa (D:11)
  2 hydras (D:12)
  2 two-headed ogres
  2 ugly things
  2 cyclopes
  A centaur zombie (D:11)
  Maurice (D:9)
  An ice statue (D:12)
  3 meliai (D:12)
  2 hornets
  Grinder (D:6)
  A hippogriff (D:13)
  Prince Ribbit (D:7)
  5 slime creatures (D:12)
  Sigmund (D:3)
  A spriggan (D:7)
  A wyvern (D:11)
  A wraith (D:11)
  Eustachio (D:4)
  10 yaks
  6 hungry ghosts
  A steam dragon (D:12)
  Duvessa (D:7)
  A water moccasin (D:12)
  A phantom (D:10)
  5 orc warriors
  3 sky beasts
  A black bear (D:8)
  2 necrophages (D:12)
  2 ice beasts
  4 ogres
  5 centaurs
  A crocodile (D:9)
  4 bullfrogs
  Dowan (D:7)
  2 scorpions
  7 howler monkeys
  4 wights (D:11)
  A bullfrog zombie (D:8)
  2 crimson imps
  3 jellies
  5 centaur skeletons
  9 orc priests
  4 hounds
  2 bullfrog skeletons (D:5)
  16 orc wizards
  Jessica (D:2)
  8 worker ants
  Natasha (thrice) (D:2)
  6 iguanas
  A hound zombie (D:6)
  8 mummies (Ossuary)
  A worker ant zombie (D:9)
  14 gnolls
  11 adders
  3 shadow imps
  An ooze (D:7)
  An adder zombie (D:5)
  2 adder skeletons
  3 worms
  3 dart slugs
  3 leopard geckos
  39 orcs
  9 bats
  4 giant cockroaches
  5 hobgoblins
  25 jackals
  3 quokkas
  2 ball pythons
  A ball python zombie (D:6)
  7 frilled lizards
  3 gnoll zombies (Ossuary)
  7 goblins
  2 hobgoblin zombies (Ossuary)
  9 kobolds
  3 kobold zombies (Ossuary)
  A leopard gecko zombie (D:6)
  11 rats
  2 withered plants (D:3)
335 creatures vanquished.

Vanquished Creatures (collateral kills)
  A centaur zombie (D:13)
  An orc (D:13)
2 creatures vanquished.

Vanquished Creatures (others)
  An orc wizard (D:7)
1 creature vanquished.

Grand Total: 338 creatures vanquished

Notes
Turn   | Place    | Note
-------+----------+-------------------------------------------
     0 | D:1      | Revguard the Tengu Hunter began the quest for the Orb.
     0 | D:1      | Reached XP level 1. HP: 12/12 MP: 2/2
    65 | D:1      | Reached XP level 2. HP: 17/17 MP: 3/3
   273 | D:1      | Reached skill level 5 in Bows
   280 | D:1      | Reached XP level 3. HP: 18/21 MP: 4/4
   930 | D:2      | Reached skill level 1 in Armour
   951 | D:2      | Noticed Natasha
   961 | D:2      | Killed Natasha
   961 | D:2      | Reached skill level 1 in Short Blades
   961 | D:2      | Reached XP level 4. HP: 21/26 MP: 5/5
  1125 | D:2      | Noticed Natasha
  1132 | D:2      | Killed Natasha
  1132 | D:2      | Gained mutation: You can fly continuously. [Tengu growth]
  1132 | D:2      | Reached XP level 5. HP: 20/30 MP: 6/6
  1201 | D:2      | Noticed Natasha
  1208 | D:2      | Killed Natasha
  1505 | D:2      | Noticed Jessica
  1510 | D:2      | Killed Jessica
  1510 | D:2      | Reached skill level 6 in Bows
  2098 | D:3      | Reached XP level 6. HP: 36/36 MP: 7/7
  2360 | D:3      | Found a basalt altar of Yredelemnul.
  2362 | D:3      | Noticed Sigmund
  2375 | D:3      | Killed Sigmund
  2375 | D:3      | Reached XP level 7. HP: 26/40 MP: 8/8
  2702 | D:3      | Reached skill level 7 in Bows
  2940 | D:4      | HP: 2/41 [poisoned by a worker ant]
  2948 | D:4      | HP: 1/41 [poisoned by a worker ant]
  3339 | D:4      | Found a sand-covered staircase.
  3345 | Ossuary  | Entered an ossuary
  3423 | Ossuary  | Reached XP level 8. HP: 26/46 MP: 9/9
  3710 | Ossuary  | Identified a scroll of acquirement
  3787 | D:4      | Noticed Eustachio
  3827 | D:4      | Killed Eustachio
  4425 | D:5      | Entered Level 5 of the Dungeon
  4485 | D:5      | Gained mutation: You possess an exceptional clarity of
                  | mind. [potion of mutation]
  4485 | D:5      | Gained mutation: You are dopey. (Int -2) [potion of
                  | mutation]
  4485 | D:5      | Gained mutation: You are weak. (Str -2) [potion of
                  | mutation]
  4485 | D:5      | Gained mutation: You expend magic power (3 MP) to
                  | strengthen your wands. [potion of mutation]
  4515 | D:5      | Reached skill level 8 in Bows
  4549 | D:5      | HP: 1/47 [orc warrior/+0 trident (18)]
  4702 | D:5      | Reached skill level 5 in Short Blades
  4757 | D:5      | Reached skill level 5 in Armour
  4902 | D:5      | Reached XP level 9. HP: 52/52 MP: 10/10
  5248 | D:6      | Reached skill level 5 in Dodging
  5273 | D:6      | Noticed Grinder
  5276 | D:6      | Found a staircase to the Ecumenical Temple.
  5293 | D:6      | Killed Grinder
  5320 | Temple   | Entered the Ecumenical Temple
  5334 | Temple   | Became a worshipper of Warmaster Okawaru
  5935 | D:6      | Reached skill level 9 in Bows
  6126 | D:7      | Noticed Prince Ribbit
  6139 | D:7      | Killed Prince Ribbit
  6147 | D:7      | Reached skill level 1 in Invocations
  6167 | D:7      | Found a shattered altar of Ashenzari.
  6236 | D:7      | Found a deep blue altar of Sif Muna.
  6273 | D:7      | Identified Sif Muna's Compendium of Transformation
  6343 | D:7      | Reached * piety under Okawaru
  6458 | D:7      | Reached XP level 10. HP: 52/58 MP: 12/12
  6551 | D:7      | Found an iron altar of Okawaru.
  6582 | D:7      | Noticed Duvessa
  6584 | D:7      | Noticed Dowan
  6588 | D:7      | Killed Duvessa
  6593 | D:7      | Killed Dowan
  6756 | D:7      | Found an ornate altar of the Wu Jian Council.
  6823 | D:7      | Found a snail-covered altar of Cheibriados.
  6935 | D:8      | Found an ancient bone altar of Kikubaaqudgha.
  7056 | D:8      | Found a staircase to the Lair.
  7602 | D:9      | Noticed Maurice
  7612 | D:8      | Reached ** piety under Okawaru
  7707 | D:9      | Reached skill level 5 in Fighting
  7771 | D:9      | Killed Maurice
  7868 | D:9      | Reached skill level 10 in Bows
  8094 | D:9      | Reached skill level 5 in Stealth
  8181 | D:9      | Got a polished leather armour
  8186 | D:9      | Identified the cursed +1 leather armour "Baec Zuk" {rN+++
                  | Str+8 Int-2 SInv} (You found it on level 9 of the Dungeon)
  8604 | D:10     | Entered Level 10 of the Dungeon
  8797 | D:10     | Found a staircase to the Orcish Mines.
  9036 | D:10     | Found Kyjefaa's Antique Weapon Emporium.
  9270 | D:11     | Noticed a brown ugly thing
  9289 | D:10     | Killed a brown ugly thing
  9472 | D:10     | Reached *** piety under Okawaru
  9472 | D:10     | Reached XP level 11. HP: 22/64 MP: 10/14
  9476 | D:10     | Received a gift from Okawaru
  9832 | D:11     | Paralysed by a hornet for 1 turns
  9891 | D:11     | Lost mutation: You are dopey. (Int -2) [potion of mutation]
  9891 | D:11     | Lost mutation: You possess an exceptional clarity of mind.
                  | [potion of mutation]
  9891 | D:11     | Lost mutation: You expend magic power (3 MP) to strengthen
                  | your wands. [potion of mutation]
  9891 | D:11     | Gained mutation: Your magical capacity is low. (-10% MP)
                  | [potion of mutation]
  9891 | D:11     | Gained mutation: Your spells are a little harder to cast,
                  | but a little more powerful. [potion of mutation]
  9956 | D:11     | Learned a level 2 spell: Passwall
  9962 | D:11     | Learned a level 5 spell: Silence
 10080 | D:11     | Noticed a rakshasa
 10134 | D:11     | Killed a rakshasa
 10134 | D:11     | Reached **** piety under Okawaru
 10134 | D:11     | Received a gift from Okawaru
 10377 | D:11     | Reached skill level 1 in Spellcasting
 10657 | D:12     | Noticed a two-headed ogre
 10742 | D:12     | Noticed a five-headed hydra
 10874 | D:12     | Killed a two-headed ogre
 10874 | D:12     | Reached skill level 1 in Air Magic
 11178 | D:12     | Received a gift from Okawaru
 11215 | D:12     | Noticed a five-headed hydra
 11227 | D:12     | HP: 3/64 [slime creature (5)]
 11533 | D:12     | Killed a five-headed hydra
 11533 | D:12     | Received a gift from Okawaru
 11533 | D:12     | Reached skill level 11 in Bows
 11533 | D:12     | Reached XP level 12. HP: 57/70 MP: 10/14
 11590 | D:12     | Killed a five-headed hydra
 11590 | D:12     | Received a gift from Okawaru
 11590 | D:12     | Reached ***** piety under Okawaru
 11799 | D:12     | Received a gift from Okawaru
 12026 | D:12     | Found a snail-covered altar of Cheibriados.
 12026 | D:12     | Found Cheibriados's Comfort Zone.
 12081 | D:13     | Noticed a six-headed hydra
 12153 | D:13     | Noticed a two-headed ogre
 12173 | D:13     | Killed a two-headed ogre
 12174 | D:13     | HP: 2/71 [slime creature (13)]
 12175 | D:13     | Mangled by a six-headed hydra

Skill      XL: |  1  2  3  4  5  6  7  8  9 10 11 12 |
---------------+-------------------------------------+-----
Bows           | 5 6 7 8 9 10 11 | 11.3
Armour         | 1 2 3 4 5 6 7 8 |  8.1
Short Blades   | 1 2 3 5 6 7 9 |  9.3
Dodging        | 3 4 6 7 8 |  8.7
Fighting       | 3 4 5 6 |  6.6
Stealth        | 2 4 5 6 |  6.9
Invocations    | 1 3 4 |  4.7
Spellcasting   | 2 |  2.8
Air Magic      | 2 3 |  3.7
Evocations     | |  0.6

Action                   |  1- 3 |  4- 6 |  7- 9 | 10-12 || total
-------------------------+-------+-------+-------+-------++-------
Melee: Short sword       |    38 |    54 |   148 |       ||   240
       Kick              |     5 |    13 |   113 |   202 ||   333
       Peck              |     3 |     5 |    86 |   139 ||   233
       Quick blade       |       |       |   211 |   550 ||   761
       Punch             |       |       |       |     5 ||     5
 Fire: Shortbow          |    87 |    95 |   111 |       ||   293
       Longbow           |       |       |    93 |   171 ||   264
Invok: Heroism           |       |       |       |    14 ||    14
       Finesse           |       |       |       |     2 ||     2
 Abil: Fly               |       |     1 |       |       ||     1
Evoke: Wand              |       |       |    10 |    14 ||    24
       Box of beasts     |       |       |       |     3 ||     3
  Use: Scroll            |     4 |     3 |     6 |    13 ||    26
       Potion            |     1 |     2 |     8 |    14 ||    25
 Stab: Sleeping          |       |       |       |     4 ||     4
       Invisible         |       |       |       |     3 ||     3
  Eat: Chunk             |       |     4 |    12 |    16 ||    32
       Ration            |       |       |       |     1 ||     1
Armor: Leather armour    |    24 |    12 |       |    11 ||    47
       Ring mail         |       |     6 |    59 |    24 ||    89
       Skin              |       |       |       |     8 ||     8
       Steam dragon scal |       |       |       |    18 ||    18
Dodge: Dodged            |    47 |    55 |   151 |   401 ||   654
